 Dungeon Crawl Stone Soup version 0.28-a0-474-g535839065c (webtiles) character file.

Game seed: 342042541370245742

338 spiderkeys the Skirmisher (level 6, -11/43 HPs)
             Began as an Octopode Abyssal Knight on Sept 15, 2021.
             Was a Believer of Lugonu.
             Mangled by Duvessa (15 damage)
             ... on level 4 of the Dungeon.
             The game lasted 00:08:21 (5644 turns).

spiderkeys the Skirmisher (Octopode Abyssal Knight) Turns: 5644, Time: 00:08:21

Health: -11/43     AC:  1    Str: 13    XL:     6   Next: 55%
Magic:  7/8        EV: 13    Int: 15    God:    Lugonu [**....]
Gold:   866        SH:  4    Dex: 11    Spells: 5/5 levels left

rFire   . . .      SeeInvis .   a - +1 spear
rCold   . . .      Faith    .   b - +0 buckler
rNeg    . . .      Spirit   .   (helmet restricted)
rPois   .          Reflect  .   (no amulet)
rElec   .          Harm     .   (no ring)
rCorr   .          Rampage  .   (no ring)
Will    .....                   (no ring)
Stlth   ++........              (no ring)
HPRegen 0.14/turn               (no ring)
MPRegen 0.11/turn               (no ring)
                                (no ring)
                                (no ring)

@: brilliant, lit by a corona, attractive, glowing
A: almost no armour, amphibious, 8 rings, camouflage 1, gelatinous body 1,
(nimble swimmer 1), tentacles
a: Renounce Religion, Depart the Abyss, Bend Space


You were on level 4 of the Dungeon.
You worshipped Lugonu.
Lugonu was pleased with you.
You visited 1 branch of the dungeon, and saw 4 of its levels.
You visited the Abyss 1 time.

You collected 978 gold pieces.
You spent 112 gold pieces at shops.


Innate Abilities, Weirdness & Mutations

You cannot wear most types of armour.
You are amphibious.
You can wear up to eight rings at the same time.
Your skin changes colour to match your surroundings (Stealth+).
Your rubbery body absorbs attacks. (AC +1, EV +1)
((You are camouflaged near water. (Stealth+)))
You have tentacles for arms and can constrict up to eight enemies at once.


   Skills:
 + Level 4.0 Fighting
 + Level 3.3 Polearms
 + Level 3.6 Dodging
 + Level 3.4 Stealth
 + Level 1.9 Shields
 + Level 3.4 Invocations


You had 5 spell levels left.
You didn't know any spells.
Your spell library contained the following spells:

 Spells                   Type           Power      Damage    Failure   Level
 Corpse Rot               Necr/Air       N/A        N/A       45%         2
 Dazzling Flash           Conj/Hex       0%         N/A       71%         3
 Dispel Undead            Necr           0%         3d6       98%         4
 Agony                    Necr           0%         N/A       100%        5
 Silence                  Hex/Air        0%         N/A       100%        5
 Death Channel            Necr           0%         N/A       100%        6
 Borgnjor's Revivificati  Necr           0%         N/A       100%        8
 Necromutation            Tmut/Necr      0%         N/A       100%        8
 Death's Door             Necr           0%         N/A       100%        9

Inventory:

Hand Weapons
 a - a +1 spear (weapon)
Missiles
 c - 60 stones
 e - 22 arrows
 g - 26 bolts
 o - 20 sling bullets
 q - 12 poisoned darts
Armour
 b - a +0 buckler (worn)
   (You bought it in a shop on level 2 of the Dungeon)
Jewellery
 A - an amulet of the acrobat
   (You found it on level 4 of the Dungeon)
 W - a ring of magical power
   (You found it on level 3 of the Dungeon)
Scrolls
 h - a scroll of silence {!r}
 j - 3 scrolls of identify {@r1}
 k - a scroll of teleportation {unknown}
 l - a scroll of brand weapon {unknown}
 m - 2 scrolls of enchant armour {unknown}
 p - a scroll of amnesia {unknown}
 r - a scroll of enchant weapon {unknown}
 s - a scroll of noise {unknown}
Potions
 f - a potion of curing {@q1}
 i - 2 potions of brilliance

Dungeon Overview and Level Annotations

Branches:
Dungeon (4/15)             Temple (0/1) D:4

Altars:
Dithmenos

Shops:
D:2 [   D:4 =(?

Annotations:
D:4 Duvessa, Natasha

###..## #...##.......####......
##..######..#.(.............###
##..............####.....###
##.....#####..<..# ####.##
##.....## #...)..# ##.##
##.....## ##.(....## ##...### #
#......# #........## #......###
...#..## #....e....#...###.....
..##..# #.(.#.@.#.....# ###...
###..## #..##..####..# ##..
###..# ... #..# ##.. ##..#
.#...# #..# #..#####...#
....#####.e #.## #........##
........... #. #...####..#
...###...## .. #.. ##.# ..## .#
.. . #.. .## ###


You could see Duvessa (berserk, very poisoned, slow).


Message History

The puff of flame misses you.
Dowan casts a spell.
Dowan blinks!
There is a stone staircase leading up here.
You reach to attack!
You hit Dowan but do no damage. You closely miss Dowan. You grab Dowan.
You constrict Dowan, but do no damage. Dowan completely misses you.
You hit Dowan. You constrict Dowan, but do no damage.
Dowan says, "Stay away from my face!"
Dowan gestures at you while chanting. The puff of flame hits you! 😕 HP[-9]
You take 9 damage, and now have 34/43 hp.
MASSIVE DAMAGE!! (PAUSE)
You aren't carrying any items that you can evoke.
Unknown command.
You hit Dowan. You constrict Dowan.
Dowan points at you and mumbles some strange words.
You are outlined in light.
You hit Dowan but do no damage. You squeeze Dowan. You constrict Dowan.
Duvessa zaps a wand.
The puff of flame hits you.
Dowan hits you with a +0 dagger. 😮 HP[-7]
You take 7 damage, and now have 27/43 hp.
You hit Dowan but do no damage. You squeeze Dowan!
You kill Dowan!
Lugonu accepts your kill.
Duvessa weeps, then rights herself and shakes her weapon.
Duvessa goes berserk!
Your Fighting skill increases to level 4!
Throw: 5 darts (curare) {=f}
Press: ? - help, Shift-Dir - straight line, f - Duvessa
Aim: Duvessa, wielding a +0 short sword, wearing a +0 chain mail and carrying a wand of flame (17) (berserk, 69% to hit)
You throw a curare-tipped dart {=f}.
The curare-tipped dart {=f} hits Duvessa.
Duvessa is poisoned.
Duvessa convulses.
Duvessa seems to slow down.
Throw: 4 darts (curare) {=f}
Press: ? - help, Shift-Dir - straight line, f/p - Duvessa
Aim: Duvessa, wielding a +0 short sword, wearing a +0 chain mail and carrying a wand of flame (17) (lightly wounded, berserk, very poisoned, slow, 69% to hit)
You throw a curare-tipped dart {=f}.
The curare-tipped dart {=f} hits Duvessa.
Duvessa looks as sick as possible!
Duvessa convulses.
Duvessa seems to be slow for longer.
Throw: 3 darts (curare) {=f}
Press: ? - help, Shift-Dir - straight line, f/p - Duvessa
Aim: Duvessa, wielding a +0 short sword, wearing a +0 chain mail and carrying a wand of flame (17) (moderately wounded, berserk, extremely poisoned, slow, 69% to hit)
You throw a curare-tipped dart {=f}.
The curare-tipped dart {=f} hits Duvessa.
Duvessa looks as sick as possible!
Duvessa convulses.
Duvessa seems to be slow for longer.
You hit Duvessa. You grab Duvessa. You constrict Duvessa.
Duvessa hits you with a +0 short sword!
* * * LOW HITPOINT WARNING * * *
😨 HP[-11]
You take 11 damage, and now have 16/43 hp.
MASSIVE DAMAGE!! (PAUSE) Space bends around you!
You blink.
You lose your grip on Duvessa. 😨 HP[-2] MP[-1]
You take 2 damage, and now have 14/43 hp.
You lost 1 mp, and now have 7/8 mp.
Unknown command.
Throw: 2 darts (curare) {=f}
Press: ? - help, Shift-Dir - straight line, f/p - Duvessa
Aim: Duvessa, wielding a +0 short sword, wearing a +0 chain mail and carrying a wand of flame (17) (severely wounded, berserk, extremely poisoned, slow, 69% to hit)
You throw a curare-tipped dart {=f}.
The curare-tipped dart {=f} barely misses Duvessa. 😨 HP[+1] Throw: dart (curare) {=f}
Press: ? - help, Shift-Dir - straight line, f/p - Duvessa
Aim: Duvessa, wielding a +0 short sword, wearing a +0 chain mail and carrying a wand of flame (17) (severely wounded, berserk, extremely poisoned, slow, 69% to hit)
You throw a curare-tipped dart {=f}.
The curare-tipped dart {=f} barely misses Duvessa.
Duvessa rages.
Okay, then.
It was a potion of brilliance.
You feel clever all of a sudden. Duvessa hits you with a +0 short sword.
* * * LOW HITPOINT WARNING * * *
😨 HP[-3]
You take 3 damage, and now have 12/43 hp.
It was a potion of curing.
You feel better. Duvessa barely misses you. 😨 HP[+7]
You regained 7 hp, and now have 19/43 hp.
You closely miss Duvessa. Your grab misses Duvessa.
Duvessa hits you with a +0 short sword.
* * * LOW HITPOINT WARNING * * *
😨 HP[-6]
You take 6 damage, and now have 13/43 hp.
You hit Duvessa. Your grab misses Duvessa.
Duvessa hits you with a +0 short sword!
* * * LOW HITPOINT WARNING * * *
😱 HP[-9]
You take 9 damage, and now have 4/43 hp.
MASSIVE DAMAGE!! (PAUSE) It was a potion of attraction.
You feel attractive to monsters. Duvessa hits you with a +0 short sword!
You die...

Skill      XL: |  1  2  3  4  5  6 |
---------------+-------------------+-----
Stealth        | 1 2 3 |  3.4
Dodging        | 3 |  3.6
Polearms       | 3 |  3.3
Shields        | 1 |  1.9
Invocations    | 3 |  3.4
Fighting       | 4 |  4.0

Action                   |  1- 3 |  4- 6 || total
-------------------------+-------+-------++-------
Melee: Spear             |    97 |   128 ||   225
       Constrict         |    14 |    25 ||    39
       Tentacles         |     6 |    20 ||    26
Throw: Dart              |       |     7 ||     7
Invok: Depart the Abyss  |     1 |       ||     1
       Bend Space        |       |     1 ||     1
  Use: Scroll            |       |     4 ||     4
       Potion            |       |     3 ||     3
 Stab: Sleeping          |    10 |     7 ||    17
       Distracted        |       |     1 ||     1
Armor: Skin              |     7 |     4 ||    11
Dodge: Dodged            |    29 |    47 ||    76
Block: Buckler           |       |     7 ||     7

Levels and vault maps discovered:
D:1:      psy_arrival_whirlpool, layout_basic, st_stairs_10
D:2:      layout_rooms, serial_shops, nicolae_shop_statue_plus, minivault_27
D:3:      layout_basic, mainiacjoe_overflow_tiny_flanked, grunt_ministairs_15,
          corexii_item_surrounded_by_moat, lemuel_flame_loot_1
D:4:      layout_layer_cave, minmay_temple_entry_nine_rooms, serial_shops, shop,
          nicolae_shop_statue_plus, nicolae_lakefront_shop, st_stairs_2,
          uniq_natasha, uniq_robin, uniq_duvessa

Notes
Turn   | Place    | Note
-------+----------+-------------------------------------------
     0 | Abyss:1  | spiderkeys the Octopode Abyssal Knight began the quest for
                  | the Orb.
     0 | Abyss:1  | Reached XP level 1. HP: 16/16 MP: 2/2
     0 | Abyss:1  | magus.rc [v1.9.10]
    43 | Abyss:2  | Found a corrupted altar of Lugonu.
    47 | Abyss:2  | Noticed a tentacled starspawn
    52 | Abyss:2  | You add the spells Borgnjor's Revivification, Necromutation
                  | and Death's Door to your library.
    59 | D:1      | You pass through the gate.
    59 | D:1      | Escaped the Abyss
    65 | D:1      | You pick up a book of the Senses and begin reading...
    65 | D:1      | You add the spells Dazzling Flash, Agony and Silence to
                  | your library.
   449 | D:1      | Reached XP level 2. HP: 21/21 MP: 3/3
   504 | D:1      | Reached * piety under Lugonu
   753 | D:1      | Reached skill level 1 in Stealth
  1170 | D:2      | Reached XP level 3. HP: 26/26 MP: 4/4
  1810 | D:2      | Found Wehutt's Antique Armour Shop.
  1908 | D:3      | Reached XP level 4. HP: 26/31 MP: 5/5
  1918 | D:3      | HP: 3/31 [orc (6)]
  2267 | D:3      | Identified a scroll of acquirement
  2267 | D:3      | Acquired 844 gold pieces
  2284 | D:3      | Reached skill level 2 in Stealth
  2396 | D:2      | Bought a buckler for 112 gold pieces
  2421 | D:3      | Noticed a black bear
  2434 | D:3      | HP: 5/31 [black bear (3)]
  2467 | D:2      | HP: 3/31 [black bear (5)]
  2467 | D:2      | HP: 1/31 [black bear (2)]
  2962 | D:3      | Reached skill level 3 in Dodging
  3050 | D:3      | You pick up a book of Decay and begin reading...
  3050 | D:3      | You add the spells Corpse Rot, Dispel Undead and Death
                  | Channel to your library.
  3112 | D:3      | Found a shadowy altar of Dithmenos.
  3612 | D:4      | Noticed Dowan
  3719 | D:4      | Identified the +1 scale mail of the Morning Star {rPois
                  | rC+}
  3875 | D:4      | Noticed Duvessa
  3948 | D:4      | Noticed Robin
  3965 | D:4      | Killed Robin
  4208 | D:4      | Noticed an ogre
  4210 | D:4      | Found Zutugui's Magic Scroll Shop.
  4221 | D:4      | Killed an ogre
  4222 | D:4      | Reached skill level 3 in Polearms
  4222 | D:4      | Reached skill level 1 in Shields
  4222 | D:4      | Reached skill level 3 in Invocations
  4222 | D:4      | Reached XP level 5. HP: 14/37 MP: 7/7
  4435 | D:4      | Found Kuuref's Antique Weapon Shop.
  4733 | D:4      | Found Buahuc's Jewellery Shop.
  4856 | D:3      | Reached skill level 3 in Stealth
  4856 | D:3      | Reached XP level 6. HP: 23/43 MP: 8/8
  4856 | D:3      | Reached ** piety under Lugonu
  5115 | D:4      | Found a staircase to the Ecumenical Temple.
  5352 | D:4      | Noticed Natasha
  5359 | D:4      | Killed Natasha
  5482 | D:4      | Noticed Natasha
  5491 | D:4      | Killed Natasha
  5559 | D:4      | Noticed Natasha
  5632 | D:4      | Killed Dowan
  5633 | D:4      | Reached skill level 4 in Fighting
  5643 | D:4      | HP: 4/43 [Duvessa (9)]
  5644 | D:4      | Mangled by Duvessa

Vanquished Creatures
  An ogre (D:4)
  Dowan (D:4)
  An orc wizard (D:3)
  Natasha (twice) (D:4)
  Robin (D:4)
  An adder (D:2)
  2 adder skeletons (D:4)
  A worm (D:2)
  2 dart slugs
  9 orcs
  5 bats
  10 endoplasms
  4 giant cockroaches
  12 goblins
  10 hobgoblins
  A quokka (D:1)
  7 ball pythons
  3 frilled lizards (D:3)
  4 kobolds
  9 rats
86 creatures vanquished.

Table legend:
 A = Non-vault XP
 B = Vault XP
 C = Vault XP percentage of total XP
 D = Non-vault monster count
 E = Vault monster count
 F = Vault count percentage of total count
                 A         B        C        D         E       F
            +---------+---------+-------+---------+---------+-------
      Total |     316 |     168 |  34.7 |      64 |      22 |  25.6
            +---------+---------+-------+---------+---------+-------
        D:1 |      26 |       4 |  13.3 |      16 |       2 |  11.1
        D:2 |      49 |       0 |   0.0 |      19 |       0 |   0.0
        D:3 |      62 |      14 |  18.4 |      16 |       5 |  23.8
        D:4 |     179 |     150 |  45.6 |      13 |      15 |  53.6
            +---------+---------+-------+---------+---------+-------

Illustrated notes

Table legend:
 A = Kills in this place as a percentage of kills in entire the game.
 B = Kills by you in this place as a percentage of kills by you in the entire game.
 C = Kills by friends in this place as a percentage of kills by friends in the entire game.
 D = Other kills in this place as a percentage of other kills in the entire game.
 E = Experience gained in this place as a percentage of experience gained in the entire game.
 F = Experience gained in this place divided by the number of levels of this place that you have seen.
                   A       B       C       D       E      F
               +-------+-------+-------+-------+-------+----------------------
         Total | 100.0 | 100.0 |   N/A |   N/A | 100.0 |  80.7
       Dungeon | 100.0 | 100.0 |   N/A |   N/A | 100.0 | 121.0
               +-------+-------+-------+-------+-------+----------------------

Table legend: (Time is in decaauts)
 A = Elapsed time spent in this place.
 B = Non-inter-level travel time spent in this place.
 C = Inter-level travel time spent in this place.
 D = Time resting spent in this place.
 E = Time spent auto-exploring this place.
 F = Levels seen in this place.
 G = Mean time per level.
                   A        B        C        D        E       F      G
               +--------+--------+--------+--------+--------+-----+--------+
         Total |   5650 |   5454 |    196 |    788 |   3876 |   6 |  941.7 |
       Dungeon |   5592 |   5396 |    196 |    788 |   3840 |   4 | 1398.0 |
         Abyss |     58 |     58 |      0 |      0 |     36 |   2 |   29.0 |
               +--------+--------+--------+--------+--------+-----+--------+

Top non-repeatable levels by time:
     D:4: 1795 daAuts
     D:3: 1566 daAuts
     D:1: 1307 daAuts
     D:2: 922 daAuts
 Abyss:1: 31 daAuts
 Abyss:2: 27 daAuts
